 Dungeon Crawl Stone Soup version 0.18.1-5-g4a78601 (webtiles) character file.

100 Legion the Twirler (level 4, -11/26 HPs)
             Began as a Gargoyle Gladiator on May 10, 2016.
             Mangled by an ogre
             ... wielding a +0 giant club
              (13 damage)
             ... on level 4 of the Dungeon.
             The game lasted 00:07:47 (2122 turns).

Legion the Twirler (Gargoyle Gladiator)             Turns: 2122, Time: 00:07:47

Health: -11/26     AC: 16    Str: 19 (20) XL:     4   Next: 74%
Magic:  4/4        EV:  7    Int:  6 (8)  God:
Gold:   123        SH:  0    Dex:  9 (10) Spells: 0 memorised, 3 levels left

rFire  . . .     SeeInvis .     a - +0 quarterstaff
rCold  . . .     Gourm    .     e - +1 chain mail
rNeg   + . .     Faith    .     (shield currently unavailable)
rPois  ∞         Spirit   .     c - +0 helmet
rElec  +         Dismiss  .     p - +2 cloak
rCorr  .         Reflect  .     (no gloves)
SustAt .         Harm     .     (no boots)
MR     .....                    (no amulet)
Stlth  ..........               (no ring)
                                (no ring)

@: confused, flying, very slightly contaminated, hasted, very quick, not
resistant to hostile enchantments, extremely unstealthy
A: negative energy resistance 1, electricity resistance, unbreathing,
petrification resistance, rot immunity, AC +3
a: no special abilities


You were on level 4 of the Dungeon.
You were not hungry.

You visited 1 branch of the dungeon, and saw 5 of its levels.

You collected 123 gold pieces.

Inventory:

Hand Weapons
 a - a +0 quarterstaff (weapon)
Missiles
 d - 3 throwing nets (quivered)
Armour
 b - a +0 leather armour
 c - a +0 helmet (worn)
 e - a +1 chain mail (worn)
 p - a +2 cloak (worn)
Jewellery
 w - a cursed ring of loudness {unknown}
Wands
 q - a wand of flame (14/48)
 x - a wand of random effects (42/48)
Scrolls
 g - a scroll of enchant weapon {unknown}
 l - 4 scrolls of identify
 m - a scroll of remove curse
 o - a scroll of noise
 s - a scroll of fog {unknown}
 u - 2 scrolls of magic mapping {unknown}
Potions
 h - a potion of lignification
Comestibles
 f - 2 bread rations
 j - 4 meat rations
 n - a beef jerky
 r - a slice of pizza
 t - 5 chunks of flesh


   Skills:
 - Level 2.1 Fighting
 + Level 5.3 Staves
 - Level 1.7 Throwing
 - Level 2.4 Dodging


You had 3 spell levels left.
You didn't know any spells.

Dungeon Overview and Level Annotations

Branches:
Dungeon (5/15)
 Temple: D:4-7

Altars:
Fedhas
Qazlal
Xom


Innate Abilities, Weirdness & Mutations

You are resistant to torment.
Your stone body is resilient (AC +3).
You are immune to poison.
You resist negative energy.
You are resistant to electric shocks.
You can survive without breathing.
You are immune to petrification.
You are immune to rotting.


Message History

It was a potion of degeneration.
There was something very wrong with that liquid.
You feel weakened.
You feel dopey.
You feel clumsy. The ogre closely misses you.
It was a potion of flight.
You feel very buoyant.
You fly up into the air.
It was a potion of haste.
You feel yourself speed up. The ogre barely misses you.
You are very lightly contaminated with residual magic.
An ogre is nearby!
Evoke which item? (* to show all) (? for menu, Esc to quit)
Zapping:
x - a wand of random effects (will waste charges)
Press: ? - help, Shift-Dir - straight line, f - you, p - ogre Really target yourself?
Your will is overpowered!
You are confused.
Evoking this partially-identified wand wasted a few charges.
The ogre hits you with a giant club!
Ouch! That really hurt!
You die...

### #.# #.# #.. #.# #.#
#@# #######O# ........#
######..# ###
#######..# #..
$.#......# #.#
#.#.###.## .
#####.###.#.###.# ...
......#...#.O...##.....


You could see an ogre.

Vanquished Creatures
  2 adders
  3 worms
  4 dart slugs
  3 giant cockroaches
  7 goblins
  8 hobgoblins
  10 jackals
  3 quokkas
  A ball python (D:1)
  4 bats
  3 giant newts
  7 kobolds
  5 rats
60 creatures vanquished.

Notes
Turn   | Place    | Note
--------------------------------------------------------------
     0 | D:1      | Legion the Gargoyle Gladiator began the quest for the Orb.
     0 | D:1      | Reached XP level 1. HP: 12/12 MP: 1/1
   117 | D:1      | Reached XP level 2. HP: 15/17 MP: 2/2
   417 | D:1      | Reached skill level 4 in Staves
   423 | D:1      | Reached XP level 3. HP: 20/21 MP: 3/3
  1054 | D:2      | Reached XP level 4. HP: 26/26 MP: 4/4
  1086 | D:2      | Found a blossoming altar of Fedhas.
  1100 | D:2      | Found a stormy altar of Qazlal.
  1463 | D:2      | Reached skill level 5 in Staves
  1735 | D:3      | Found a faded altar to an unknown god.
  1914 | D:3      | Found a shimmering altar of Xom.
  1915 | D:3      | Found a shimmering altar of Xom.
  1915 | D:3      | Found a shimmering altar of Xom.
  1915 | D:3      | Found a shimmering altar of Xom.
  1915 | D:3      | Found a shimmering altar of Xom.
  1916 | D:3      | Found a shimmering altar of Xom.
  2056 | D:3      | You fall through a shaft for 2 floors!
  2056 | D:5      | Entered Level 5 of the Dungeon
  2078 | D:4      | Noticed an ogre
  2122 | D:4      | Mangled by an ogre

Skill      XL: |  1  2  3  4 |
---------------+-------------+-----
Staves         | 4 5 |  5.3
Fighting       | |  2.1
Throwing       | |  1.7
Dodging        | |  2.4

Action                   |  1- 3 |  4- 6 || total
-------------------------+-------+-------++-------
Melee: Quarterstaff      |   106 |    81 ||   187
Evoke: Wand              |       |     4 ||     4
  Use: Scroll            |       |     7 ||     7
       Potion            |       |     3 ||     3
  Eat: Chunk             |     1 |     3 ||     4
Armor: Leather armour    |    60 |    17 ||    77
       Chain mail        |       |    45 ||    45
Dodge: Dodged            |   105 |    50 ||   155
